[Event "ICC tourney 2154 (40 10)"]
[Site "Internet Chess Club"]
[Date "2020.11.22"]
[Round "1"]
[White "andrewj508"]
[Black "plamba"]
[Result "1-0"]
[ICCResult "Black checkmated"]
[WhiteElo "1269"]
[BlackElo "585"]
[Opening "Giuoco Piano"]
[ECO "C54"]
[NIC "IG.02"]
[Time "11:01:36"]
[TimeControl "2400+10"]

1. e4 e5 2. Nf3 Nc6 3. Bc4 Bc5 4. c3 Nf6 5. d4 exd4 6. cxd4 Bb6 7. e5 Ne4 8.
O-O d5 9. Bb5 Bd7 10. Nc3 O-O 11. Nxd5 Nxd4 12. Bxd7 Qxd7 13. Nxb6 Nxf3+ 14.
Qxf3 cxb6 15. Qxe4 Rfe8 16. Be3 Qb5 17. Qxb7 Qxe5 18. b3 g6 19. Rad1 Reb8
20. Qd7 Qb2 21. Bh6 Rd8 22. Qxd8+ Rxd8 23. Rxd8# {Black checkmated} 1-0

[Event "ICC tourney 2154 (40 10)"]
[Site "Internet Chess Club"]
[Date "2020.11.22"]
[Round "1"]
[White "NikiSDKChess"]
[Black "solveur"]
[Result "0-1"]
[ICCResult "White checkmated"]
[WhiteElo "667"]
[BlackElo "1312"]
[Opening "Giuoco Pianissimo"]
[ECO "C50"]
[NIC "IG.02"]
[Time "11:01:38"]
[TimeControl "2400+10"]

1. e4 e5 2. Nf3 Nc6 3. Bc4 Bc5 4. d3 Nf6 5. Ng5 O-O 6. O-O h6 7. Nf3 d6 8.
h3 Bb6 9. Nc3 Be6 10. Bxe6 fxe6 11. Nh4 Nxe4 12. Nxe4 Qxh4 13. c4 Kh7 14.
Kh2 d5 15. cxd5 exd5 16. Ng3 Bxf2 17. Nh1 Bc5 18. Rxf8 Rxf8 19. Qc2 Bd6 20.
d4+ e4+ 21. g3 Nxd4 22. Qc3 Ne2 23. Qd2 Nxg3 24. Qg2 Ne2+ 25. Ng3 Qxg3+ 26.
Qxg3 Bxg3+ 27. Kg2 Rf2+ 28. Kh1 Rh2# {White checkmated} 0-1

[Event "ICC tourney 2154 (40 10)"]
[Site "Internet Chess Club"]
[Date "2020.11.22"]
[Round "1"]
[White "shreyanshdaga"]
[Black "falcon2020"]
[Result "0-1"]
[ICCResult "White checkmated"]
[WhiteElo "377"]
[BlackElo "1232"]
[Opening "Petrov: Cozio (Lasker) attack"]
[ECO "C42"]
[NIC "RG.03"]
[Time "11:01:38"]
[TimeControl "2400+10"]

1. e4 e5 2. Nf3 Nf6 3. Nxe5 d6 4. Nf3 Nxe4 5. Qe2 Qe7 6. d3 Nf6 7. Qxe7+
Bxe7 8. Be2 Nc6 9. O-O O-O 10. Nc3 a6 11. Bg5 Be6 12. Rfe1 Nb4 13. a3 Nxc2
14. Rec1 Nxa1 15. Rxa1 Rfe8 16. Ne4 Nxe4 17. dxe4 f6 18. Be3 c5 19. b4 Rac8
20. Rc1 b5 21. h3 c4 22. Nd4 Bf7 23. Bg4 Rc7 24. Ne6 Bxe6 25. Bxe6+ Kh8 26.
Bb6 Rb7 27. Be3 Bf8 28. Bd5 Rbe7 29. Bc6 Rc8 30. Bd5 g6 31. Bd4 Bg7 32. f4
f5 33. exf5 Bxd4+ 34. Kh2 gxf5 35. Rd1 Be3 36. Re1 Bxf4+ 37. Kg1 Rxe1+ 38.
Kf2 Re5 39. Bf7 c3 40. Kf3 c2 41. Kxf4 c1=Q+ 42. Kg3 Qg5+ 43. Kf3 Re3+ 44.
Kf2 Qg3+ 45. Kg1 Rc1# {White checkmated} 0-1

[Event "ICC tourney 2154 (40 10)"]
[Site "Internet Chess Club"]
[Date "2020.11.22"]
[Round "1"]
[White "thanhcaptures"]
[Black "wawaba"]
[Result "1-0"]
[ICCResult "Black checkmated"]
[WhiteElo "1198"]
[BlackElo "261"]
[Opening "Giuoco Piano: Greco's attack"]
[ECO "C54"]
[NIC "IG.02"]
[Time "11:01:54"]
[TimeControl "2400+10"]

1. e4 e5 2. Nf3 Nc6 3. Bc4 Bc5 4. c3 Nf6 5. d4 exd4 6. cxd4 Bb4+ 7. Nc3 O-O
8. e5 Ne4 9. O-O Nxc3 10. bxc3 Bxc3 11. Rb1 d5 12. exd6 cxd6 13. Qc2 Bxd4
14. Nxd4 Nxd4 15. Qe4 Nc6 16. Bd3 f5 17. Qd5+ Kh8 18. Bb2 Ne5 19. Qd4 Qf6
20. f4 Nxd3 21. Qxd3 Qd8 22. Rf3 Rf7 23. Rg3 Be6 24. a3 Qf8 25. Re1 Re8 26.
Qd4 a6 27. Rg5 Ree7 28. Re3 d5 29. a4 Qe8 30. Reg3 Qg8 31. Kf2 Qf8 32. Ba3
Qe8 33. Bxe7 Qxe7 34. Re3 Qd7 35. Qe5 Re7 36. Rxf5 h6 37. Rh5 Kh7 38. f5
Qxa4 39. fxe6 g6 40. Rhh3 Qc2+ 41. Re2 Qc5+ 42. Qe3 Qxe3+ 43. Rhxe3 b6 44.
Kf3 a5 45. Kf4 b5 46. Ke5 a4 47. Kd6 Re8 48. Kd7 Ra8 49. e7 a3 50. e8=Q Rxe8
51. Rxe8 h5 52. R2e7+ Kh6 53. h4 g5 54. Rh8+ Kg6 55. Ke6 b4 56. Rg8+ Kh6 57.
hxg5# {Black checkmated} 1-0

[Event "ICC tourney 2154 (40 10)"]
[Site "Internet Chess Club"]
[Date "2020.11.22"]
[Round "1"]
[White "MadiChesskid"]
[Black "ethansun188"]
[Result "0-1"]
[ICCResult "White checkmated"]
[WhiteElo "1337"]
[BlackElo "1028"]
[Opening "Queen's pawn game, Chigorin variation"]
[ECO "A04"]
[NIC "QP.11"]
[Time "11:01:48"]
[TimeControl "2400+10"]

1. Nf3 Nc6 2. d4 d5 3. c4 e6 4. Nbd2 Nf6 5. e3 Be7 6. Be2 O-O 7. O-O Re8 8.
Nb1 Bf8 9. Nc3 Bd7 10. Qb3 Na5 11. Qc2 Nxc4 12. Bxc4 dxc4 13. Ne5 b5 14. Ne4
Nxe4 15. Qxe4 f6 16. Nf3 c5 17. Rd1 cxd4 18. Nxd4 a6 19. Qc2 e5 20. Ne2 Bf5
21. e4 Bxe4 22. Rxd8 Raxd8 23. Be3 Bxc2 24. Rc1 Rd1+ 25. Rxd1 Bxd1 26. Nc3
Bh5 27. Nd5 Rd8 28. Nc3 b4 29. Bb6 bxc3 30. Bxd8 cxb2 31. h3 b1=Q+ 32. Kh2
c3 33. g4 Bg6 34. a4 c2 35. Be7 c1=Q 36. Kg3 Qf4+ 37. Kh4 Qg5+ 38. Kg3 Qd3+
39. Kg2 Qf4 40. Bc5 Qdf3+ 41. Kf1 Qc1# {White checkmated} 0-1

[Event "ICC tourney 2154 (40 10)"]
[Site "Internet Chess Club"]
[Date "2020.11.22"]
[Round "1"]
[White "joeandjoe28"]
[Black "nguyencaptures"]
[Result "1-0"]
[ICCResult "Black checkmated"]
[WhiteElo "1443"]
[BlackElo "1119"]
[Opening "Ruy Lopez: Möller defense"]
[ECO "C78"]
[NIC "RL.12"]
[Time "11:01:37"]
[TimeControl "2400+10"]

1. e4 e5 2. Nf3 Nc6 3. Bb5 a6 4. Ba4 Nf6 5. O-O Bc5 6. c3 d6 7. d4 exd4 8.
cxd4 b5 9. dxc5 bxa4 10. Qxa4 Bd7 11. cxd6 cxd6 12. Qa3 Qe7 13. Nc3 Ne5 14.
Nd4 O-O 15. Bf4 Rfe8 16. Rad1 Nh5 17. Nd5 Qd8 18. Qxd6 Nxf4 19. Nxf4 Bg4 20.
Qxd8 Raxd8 21. f3 Be6 22. Ndxe6 Rxd1 23. Rxd1 fxe6 24. Rd6 Kf7 25. Rxa6 g5
26. Ne2 Rd8 27. Kf2 Rd2 28. b3 Rb2 29. Ke3 Ng6 30. Ra7+ Kg8 31. g3 h5 32.
Ra5 Kg7 33. Rxg5 Kh6 34. Ra5 Rb1 35. Rb5 Ra1 36. a4 Ra3 37. Nf4 Nxf4 38.
Kxf4 Kg6 39. a5 Kf6 40. b4 Ra4 41. h4 Ra3 42. Rxh5 Rc3 43. Rc5 Ra3 44. g4
Rd3 45. g5+ Kg6 46. a6 Rd8 47. a7 Ra8 48. Rc7 Rd8 49. b5 Rf8+ 50. Ke5 Re8
51. b6 Ra8 52. b7 Rxa7 53. b8=Q Ra5+ 54. Kf4 e5+ 55. Kg4 Ra1 56. Qb6#
{Black checkmated}
1-0

[Event "ICC tourney 2154 (40 10)"]
[Site "Internet Chess Club"]
[Date "2020.11.22"]
[Round "1"]
[White "danielcao"]
[Black "Dhruti813kob36"]
[Result "1-0"]
[ICCResult "Black checkmated"]
[WhiteElo "1035"]
[BlackElo "1398"]
[Opening "Giuoco Piano"]
[ECO "C50"]
[NIC "IG.02"]
[Time "11:01:48"]
[TimeControl "2400+10"]

1. e4 e5 2. Nf3 Nc6 3. Bc4 Bc5 4. O-O Nf6 5. Nc3 O-O 6. d3 h6 7. Be3 Bb6 8.
Qd2 Ng4 9. h3 Nxe3 10. fxe3 a6 11. Nh2 Na5 12. Bb3 Nxb3 13. axb3 d6 14. Rf3
Be6 15. Raf1 Qg5 16. Qf2 c6 17. Rg3 Qe7 18. Ng4 Bxg4 19. Rxg4 Kh8 20. Qg3
Rg8 21. Qf3 Raf8 22. Ne2 g6 23. Qf2 h5 24. Rg3 d5 25. exd5 cxd5 26. Qf6+
Qxf6 27. Rxf6 Bc5 28. d4 exd4 29. exd4 Be7 30. Rb6 Bh4 31. Rf3 Re8 32. Nc3
Re1+ 33. Kh2 Rge8 34. Rxf7 R8e3 35. Rf3 Rxf3 36. gxf3 Rc1 37. Rxg6 Rxc2+ 38.
Rg2 Rxg2+ 39. Kxg2 Bf6 40. Ne2 h4 41. f4 Kg7 42. Kf3 Kf7 43. Kg4 Ke6 44. f5+
Kd6 45. Nf4 Kc6 46. Kh5 Bxd4 47. Kxh4 Bxb2 48. Kg5 Bc1 49. f6 Kd6 50. h4 d4
51. Kf5 Bxf4 52. Kxf4 Ke6 53. Ke4 d3 54. Kxd3 Kxf6 55. Kc4 Kf5 56. Kc5 Kg4
57. Kb6 Kxh4 58. Kxb7 Kg5 59. Kxa6 Kf6 60. b4 Ke7 61. Ka7 Kd6 62. b5 Kc7 63.
b6+ Kc8 64. b7+ Kc7 65. b8=Q+ Kc6 66. Qb7+ Kc5 67. Qd7 Kc4 68. Qd6 Kc3 69.
Qd5 Kc2 70. Qd4 Kc1 71. Qd3 Kb2 72. Qc4 Kb1 73. Qc3 Ka2 74. Qb4 Ka1 75. Ka6
Ka2 76. Ka5 Ka1 77. Ka4 Ka2 78. Qb3+ Ka1 79. Qc3+ Kb1 80. Qd2 Ka1 81. Ka3
Kb1 82. Qb2# {Black checkmated} 1-0

[Event "ICC tourney 2154 (40 10)"]
[Site "Internet Chess Club"]
[Date "2020.11.22"]
[Round "1"]
[White "Dobralov"]
[Black "Mannansh"]
[Result "0-1"]
[ICCResult "White resigns"]
[WhiteElo "1452"]
[BlackElo "1218"]
[Opening "Scandinavian gambit"]
[ECO "B01"]
[NIC "SD.03"]
[Time "11:02:04"]
[TimeControl "2400+10"]

1. e4 d5 2. exd5 Nf6 3. c4 c6 4. d6 Qxd6 5. d4 e5 6. Nf3 exd4 7. Nxd4 c5 8.
Qe2+ Qe7 9. Qxe7+ Bxe7 10. Nb5 Na6 11. Bf4 O-O 12. Be2 Ne4 13. O-O Bf6 14.
N1c3 Nxc3 15. Nxc3 Nb4 16. Rac1 Re8 17. Bf3 Nd3 18. Nd5 Nxf4 19. Nxf4 Bxb2
20. Rb1 Be5 21. Nd3 Bd4 22. Bxb7 Bxb7 23. Rxb7 Re2 24. Rfb1 g6 25. Rc7 Rd2
26. Nxc5 Rxa2 27. Nd3 Rd2 28. Nb4 Rxf2 29. Kh1 Re8 30. Rxa7 {White resigns}
0-1

[Event "ICC tourney 2154 (40 10)"]
[Site "Internet Chess Club"]
[Date "2020.11.22"]
[Round "1"]
[White "PeterSlapa"]
[Black "wildrumpus"]
[Result "0-1"]
[ICCResult "White resigns"]
[WhiteElo "1122"]
[BlackElo "1469"]
[Opening "Nimzovich-Larsen attack: symmetrical variation"]
[ECO "A01"]
[NIC "VO.08"]
[Time "11:01:41"]
[TimeControl "2400+10"]

1. b3 b6 2. Bb2 Bb7 3. Nf3 Nf6 4. g3 e6 5. Bg2 Be7 6. O-O O-O 7. c4 c5 8.
Nc3 Nc6 9. d4 Nxd4 10. Nxd4 Bxg2 11. Kxg2 cxd4 12. Qxd4 Bc5 13. Qd3 Qc7 14.
Rfd1 Rad8 15. Ne4 Qc6 16. Bxf6 gxf6 17. Kg1 Be7 18. Rac1 d6 19. Qd4 e5 20.
Qd5 Qxd5 21. Rxd5 f5 22. Nc3 a6 23. e4 fxe4 24. Nxe4 f5 25. Nc3 Kf7 26. Rcd1
Ke6 27. Kg2 h5 28. f4 h4 29. Re1 e4 30. Ne2 Bf6 31. gxh4 Rh8 32. Red1 Rxh4
33. Nd4+ Bxd4 34. R1xd4 Rxf4 35. Kg3 Rg4+ 36. Kf2 Rg6 37. h4 Rg4 38. h5 Rh4
39. Kg3 Rxh5 40. Rxe4+ fxe4 41. Rxh5 Rf8 42. Rh1 Ke5 43. Rd1 Rf3+ 44. Kg2
Rd3 45. Re1 Kd4 46. Re2 b5 47. cxb5 axb5 48. Kf2 d5 49. Rc2 Rc3 50. Rxc3
Kxc3 51. a4 bxa4 52. bxa4 Kb4 53. Ke3 Kxa4 54. Kd4 Kb4 55. Ke3 Kc3 56. Ke2
d4 57. Kd1 d3 58. Ke1 e3 59. Kd1 d2 60. Ke2 Kc2 61. Kxe3 d1=Q 62. Ke4 Kc3
63. Ke3 Qd4+ 64. Kf3 Qe5 65. Kf2 Qe4 66. Kg3 Kd3 67. Kf2 Qe3+ 68. Kg2 Ke4
69. Kf1 Qd2 70. Kg1 Kf3 {White resigns} 0-1

[Event "ICC tourney 2154 (40 10)"]
[Site "Internet Chess Club"]
[Date "2020.11.22"]
[Round "2"]
[White "plamba"]
[Black "PeterSlapa"]
[Result "0-1"]
[ICCResult "White checkmated"]
[WhiteElo "563"]
[BlackElo "1111"]
[Opening "Giuoco Pianissimo"]
[ECO "C24"]
[NIC "IG.04"]
[Time "13:19:13"]
[TimeControl "2400+10"]

1. e4 e5 2. Bc4 Nf6 3. d3 Bc5 4. Nf3 Nc6 5. Ng5 O-O 6. O-O d6 7. Bd2 h6 8.
Nxf7 Rxf7 9. Bxf7+ Kxf7 10. h3 Be6 11. Nc3 Qd7 12. Qf3 Nd4 13. Qd1 Bxh3 14.
gxh3 Qxh3 15. f3 Nxf3# {White checkmated} 0-1

[Event "ICC tourney 2154 (40 10)"]
[Site "Internet Chess Club"]
[Date "2020.11.22"]
[Round "2"]
[White "standingwriter"]
[Black "allenfan"]
[Result "1-0"]
[ICCResult "Black checkmated"]
[WhiteElo "981"]
[BlackElo "426"]
[Opening "two knights defense: Fegatello attack"]
[ECO "C57"]
[NIC "KP.01"]
[Time "13:19:25"]
[TimeControl "2400+10"]

1. e4 e5 2. Nf3 Nc6 3. Bc4 Nf6 4. Ng5 d5 5. exd5 Nxd5 6. Nxf7 Kxf7 7. Qf3+
Ke6 8. Nc3 Nb4 9. O-O c6 10. Bb3 Kd6 11. a3 Na6 12. Bxd5 cxd5 13. Qxd5+ Kc7
14. Nb5+ Kb8 15. Qxd8 g6 16. Qf6 Bg7 17. Qd6+ Nc7 18. Qxc7# {Black
checkmated} 1-0

[Event "ICC tourney 2154 (40 10)"]
[Site "Internet Chess Club"]
[Date "2020.11.22"]
[Round "2"]
[White "wawaba"]
[Black "shreyanshdaga"]
[Result "1-0"]
[ICCResult "Black checkmated"]
[WhiteElo "158"]
[BlackElo "325"]
[Opening "Sicilian defense"]
[ECO "B33"]
[NIC "SI.34"]
[Time "13:19:20"]
[TimeControl "2400+10"]

1. e4 c5 2. Nf3 Nc6 3. d4 cxd4 4. Nxd4 Nf6 5. Nc3 g6 6. Be3 e5 7. Nf3 Bg7 8.
Bc4 O-O 9. O-O d6 10. Re1 a6 11. h3 b5 12. Bd5 Nxd5 13. Nxd5 Be6 14. Bb6 Qb8
15. Bc7 Qb7 16. Bxd6 Rfd8 17. Bc5 Bxd5 18. exd5 Na5 19. Bb4 Rxd5 20. Qc1 Nc6
21. Bc3 e4 22. Bxg7 Kxg7 23. Rxe4 Na5 24. Qe1 Rad8 25. Qxa5 Qb8 26. Qc3+ Kg8
27. Rae1 Rd1 28. Rxd1 Rxd1+ 29. Re1 Rxe1+ 30. Qxe1 f5 31. Qe5 Qd8 32. Qe1 g5
33. Nh2 g4 34. hxg4 fxg4 35. Nxg4 Qh4 36. Nh2 Kg7 37. Qe3 Qd8 38. Qg3+ Kh8
39. Qd3 Qg5 40. Qc3+ Kg8 41. Qg3 Kg7 42. Qxg5+ Kh8 43. Ng4 h6 44. Qf6+ Kh7
45. Qxh6+ Kg8 46. f4 Kf7 47. Qf6+ Kg8 48. f5 b4 49. Qg6+ Kf8 50. f6 a5 51.
Qg7+ Ke8 52. Qe7# {Black checkmated} 1-0

[Event "ICC tourney 2154 (40 10)"]
[Site "Internet Chess Club"]
[Date "2020.11.22"]
[Round "2"]
[White "solveur"]
[Black "danielcao"]
[Result "0-1"]
[ICCResult "White checkmated"]
[WhiteElo "1271"]
[BlackElo "1022"]
[Opening "Grünfeld: exchange variation"]
[ECO "D85"]
[NIC "GI.04"]
[Time "13:19:12"]
[TimeControl "2400+10"]

1. d4 Nf6 2. c4 g6 3. Nc3 d5 4. cxd5 Nxd5 5. e4 Nxc3 6. bxc3 Bg7 7. Be3 c5
8. Nf3 Nc6 9. Be2 O-O 10. O-O Bg4 11. e5 Bxf3 12. Bxf3 cxd4 13. cxd4 e6 14.
Rb1 Qc7 15. Qb3 Rab8 16. Rfc1 Rfd8 17. Qc4 Bf8 18. g3 Rdc8 19. Qa4 Qd7 20.
Bxc6 bxc6 21. Rxb8 Rxb8 22. Qxc6 Qxc6 23. Rxc6 Rb2 24. Ra6 Rb1+ 25. Kg2 Rb7
26. Kf3 h5 27. Ke4 Be7 28. h4 Bd8 29. a4 Kf8 30. d5 Rb4+ 31. Bd4 Bb6 32.
Rxb6 axb6 33. d6 Rxa4 34. Kd3 b5 35. Bc5 Ke8 36. Kc3 Ra2 37. Kb4 Rb2+ 38.
Ka5 Re2 39. Kxb5 Kd7 40. Bd4 Ra2 41. Kc4 Ra4+ 42. Kd3 Kc6 43. Ke3 Ra3+ 44.
Kf4 Ra4 45. Ke4 Kd7 46. Kd3 Kc6 47. Be3 Ra3+ 48. Ke2 Ra5 49. f4 Rd5 50. Kf3
Kb5 51. g4 hxg4+ 52. Kxg4 Rd3 53. Bf2 Kc6 54. Kg5 Kd7 55. h5 gxh5 56. Kxh5
Rf3 57. Bh4 Rxf4 58. Kg5 Rf5+ 59. Kh6 Rxe5 60. Bg3 Rd5 61. Kg7 Rxd6 62. Kxf7
Rd3 63. Be5 Rd5 64. Bf6 e5 65. Kg6 e4 66. Bc3 e3 67. Kf6 e2 68. Be1 Rd1 69.
Bc3 e1=Q 70. Bxe1 Rxe1 71. Kf5 Kd6 72. Kf4 Re5 73. Kf3 Kd5 74. Kf4 Kd4 75.
Kf3 Re4 76. Kf2 Re3 77. Kg2 Ke4 78. Kf2 Kf4 79. Kg2 Rf3 80. Kh2 Kg4 81. Kg2
Rf4 82. Kh2 Kh4 83. Kg2 Rg4+ 84. Kf3 Rg3+ 85. Kf4 Rd3 86. Ke4 Rd1 87. Kf4
Re1 88. Kf5 Re2 89. Kf4 Ra2 90. Ke3 Ra3+ 91. Kd4 Kg4 92. Ke4 Ra4+ 93. Ke5
Rf4 94. Kd5 Kf3 95. Ke5 Ke3 96. Kd5 Re4 97. Kc5 Rd4 98. Kc6 Ke4 99. Kc5 Ke5
100. Kc6 Rd5 101. Kc7 Rd6 102. Kb7 Kd5 103. Kc7 Kc5 104. Kb7 Rc6 105. Ka7
Rb6 106. Ka8 Kc6 107. Ka7 Rb2 108. Ka8 Kc7 109. Ka7 Ra2# {White checkmated}
0-1

[Event "ICC tourney 2154 (40 10)"]
[Site "Internet Chess Club"]
[Date "2020.11.22"]
[Round "2"]
[White "wildrumpus"]
[Black "thanhcaptures"]
[Result "1-0"]
[ICCResult "Black checkmated"]
[WhiteElo "1474"]
[BlackElo "1192"]
[Opening "Queen's pawn: stonewall attack"]
[ECO "D00"]
[NIC "QP.08"]
[Time "13:19:20"]
[TimeControl "2400+10"]

1. d4 d5 2. e3 Nf6 3. Bd3 g6 4. Nf3 Bg7 5. O-O O-O 6. b3 Nc6 7. Bb2 Bg4 8.
Nbd2 Nb4 9. Be2 Ne4 10. Nxe4 dxe4 11. Ng5 Bxe2 12. Qxe2 c5 13. Nxe4 cxd4 14.
exd4 Rc8 15. c4 b5 16. a3 Nc6 17. d5 Nd4 18. Qd3 bxc4 19. bxc4 Nf5 20. Bxg7
Nxg7 21. Rfd1 e6 22. d6 Qd7 23. Nf6+ Kh8 24. Nxd7 Rfd8 25. Nf6 Rc6 26. Qh3
h5 27. Rab1 Rxc4 28. g4 Rf4 29. gxh5 gxh5 30. Nxh5 Rf5 31. Ng3+ Kg8 32. Nxf5
exf5 33. d7 f6 34. Rbc1 Ne6 35. Qxf5 Kf7 36. Rc8 Rxc8 37. dxc8=Q Kg7 38.
Rd7+ Kh6 39. Qh8# {Black checkmated} 1-0

[Event "ICC tourney 2154 (40 10)"]
[Site "Internet Chess Club"]
[Date "2020.11.22"]
[Round "2"]
[White "danielfan"]
[Black "Dobralov"]
[Result "1-0"]
[ICCResult "Black resigns"]
[WhiteElo "522"]
[BlackElo "1458"]
[Opening "Sicilian defense"]
[ECO "B30"]
[NIC "SI.31"]
[Time "13:19:16"]
[TimeControl "2400+10"]

1. e4 c5 2. Nf3 Nc6 3. Nc3 d6 4. h3 g6 5. Bc4 Bg7 6. O-O Nf6 7. d3 O-O 8.
Re1 a6 9. Bg5 b5 10. Bb3 Na5 11. Bxf6 Bxf6 12. Nd2 e6 13. Qf3 Bb7 14. Qg3
Re8 15. Nf3 Nxb3 16. axb3 b4 17. Nd1 d5 18. e5 Bg7 19. c3 Qb6 20. d4 bxc3
21. bxc3 Qxb3 22. dxc5 Qc4 23. Rc1 a5 24. Ne3 Qxc5 25. Ng4 Qc7 26. Qh4 Qc4
27. Nh6+ Bxh6 28. Qxh6 Qc7 29. Ng5 f5 30. exf6 {Black resigns} 1-0

[Event "ICC tourney 2154 (40 10)"]
[Site "Internet Chess Club"]
[Date "2020.11.22"]
[Round "2"]
[White "ethansun188"]
[Black "andrewj508"]
[Result "0-1"]
[ICCResult "White checkmated"]
[WhiteElo "918"]
[BlackElo "1271"]
[Opening "English: four knights, kingside fianchetto"]
[ECO "A29"]
[NIC "EO.04"]
[Time "13:19:24"]
[TimeControl "2400+10"]

1. c4 e5 2. Nc3 Nf6 3. Nf3 Nc6 4. g3 Bc5 5. Bg2 d6 6. d3 h6 7. a3 a5 8. O-O
O-O 9. Nd2 Ba7 10. Nde4 Nxe4 11. Bxe4 Be6 12. e3 f5 13. Bd5 Bxd5 14. Nxd5
Ne7 15. Nxe7+ Qxe7 16. Qb3 c6 17. Bd2 Bc5 18. Bc3 a4 19. Qa2 f4 20. d4 f3
21. h4 Qd7 22. Kh2 exd4 23. exd4 Ba7 24. c5+ d5 25. Rh1 Rae8 26. Rae1 Bb8
27. Qb1 Qg4 28. Rxe8 Rxe8 29. Qf1 Re2 30. Qh3 Rxf2+ 31. Kg1 Rg2+ 32. Qxg2
fxg2 33. Kxg2 Qxg3+ 34. Kf1 Qf3+ 35. Ke1 Bg3+ 36. Kd2 Qxh1 37. Kc2 Qe4+ 38.
Kd2 Bf4+ 39. Kd1 Qd3+ 40. Ke1 Bg3# {White checkmated} 0-1

[Event "ICC tourney 2154 (40 10)"]
[Site "Internet Chess Club"]
[Date "2020.11.22"]
[Round "2"]
[White "falcon2020"]
[Black "wawama"]
[Result "1/2-1/2"]
[ICCResult "Game drawn by repetition"]
[WhiteElo "1233"]
[BlackElo "1338"]
[Opening "Queen's pawn, Mason variation"]
[ECO "D00"]
[NIC "QP.08"]
[Time "13:19:12"]
[TimeControl "2400+10"]

1. d4 d5 2. Bf4 Nf6 3. e3 a6 4. c3 Bf5 5. Bd3 Bxd3 6. Qxd3 Nc6 7. Nd2 e6 8.
Ngf3 Bd6 9. Bg3 b5 10. a3 h6 11. Ne5 Bxe5 12. dxe5 Nd7 13. f4 Qe7 14. e4 Nc5
15. Qe3 dxe4 16. Nxe4 Nxe4 17. Qxe4 Qc5 18. Bf2 Qd5 19. Qxd5 exd5 20. Rd1
Ne7 21. Bc5 c6 22. O-O Ng6 23. g3 Kd7 24. Rfe1 Rhe8 25. Re3 Nf8 26. f5 g6
27. Bxf8 Rxf8 28. e6+ fxe6 29. fxe6+ Ke7 30. b3 Rf6 31. c4 Rxe6 32. Red3 Rd8
33. cxd5 cxd5 34. Rxd5 Rxd5 35. Rxd5 Rd6 36. Rc5 Kd7 37. Rc1 Rc6 38. Rb1 Rd6
39. h3 Rd3 40. Kf2 Kd6 41. a4 b4 42. h4 a5 43. Kg2 Kd5 44. g4 Ke5 45. g5
hxg5 46. hxg5 Kf5 47. Rc1 Rc3 48. Rd1 Rc5 49. Kf3 Kxg5 50. Ke4 Kf6 51. Rd6+
Kg5 52. Rb6 Rf5 53. Rb5 Kg4 54. Kd3 g5 55. Ke4 Rf4+ 56. Kd3 Rf5 57. Ke4 Rf4+
58. Kd3 Rf3+ 59. Kc4 Rf4+ 60. Kd3 {Game drawn by repetition} 1/2-1/2

[Event "ICC tourney 2154 (40 10)"]
[Site "Internet Chess Club"]
[Date "2020.11.22"]
[Round "2"]
[White "Dhruti813kob36"]
[Black "NikiSDKChess"]
[Result "1-0"]
[ICCResult "Black checkmated"]
[WhiteElo "1427"]
[BlackElo "677"]
[Opening "Ruy Lopez (Spanish opening)"]
[ECO "C60"]
[NIC "RL.01"]
[Time "13:19:12"]
[TimeControl "2400+10"]

1. e4 e5 2. Nf3 Nc6 3. Bb5 Qf6 4. d3 h6 5. Nc3 Nd4 6. Nxd4 exd4 7. Nd5 Qd8
8. Bf4 Bd6 9. Bxd6 cxd6 10. O-O a6 11. Bc4 b5 12. Bb3 a5 13. Qh5 Nf6 14.
Nc7+ Qxc7 15. Qxf7+ Kd8 16. Qxg7 Re8 17. Qxf6+ Re7 18. a4 bxa4 19. Rxa4 d5
20. Bxd5 Ra6 21. Rc4 Qb8 22. Qxd4 Rg6 23. Qc5 Rg5 24. Qxa5+ Ke8 25. Qc7 Qxc7
26. Rxc7 Ba6 27. b4 Kd8 28. Rc3 Reg7 29. g3 h5 30. Rb1 h4 31. b5 Bc8 32. b6
hxg3 33. fxg3 d6 34. b7 Bxb7 35. Rxb7 Rxb7 36. Bxb7 Ra5 37. h4 d5 38. Bxd5
Ra1+ 39. Kf2 Rh1 40. d4 Ra1 41. g4 Ra4 42. Ke3 Ra1 43. Kf4 Rf1+ 44. Kg5 Rd1
45. Rd3 Rc1 46. c4 Ra1 47. h5 Ra5 48. h6 Ra7 49. Rh3 Rh7 50. Kg6 Rh8 51. h7
Ke8 52. Kg7 Rf8 53. h8=Q Rxh8 54. Rxh8+ Ke7 55. Kh7 Kf6 56. c5 Kg5 57. c6
Kxg4 58. c7 Kf4 59. c8=Q Ke3 60. Qc3+ Kf4 61. Rf8+ Kg5 62. Qg3+ Kh5 63. Bf7#
{Black checkmated}
1-0

[Event "ICC tourney 2154 (40 10)"]
[Site "Internet Chess Club"]
[Date "2020.11.22"]
[Round "2"]
[White "nguyencaptures"]
[Black "MadiChesskid"]
[Result "1-0"]
[ICCResult "Black checkmated"]
[WhiteElo "1149"]
[BlackElo "1322"]
[Opening "Two knights defense"]
[ECO "C55"]
[NIC "IG.01"]
[Time "13:19:32"]
[TimeControl "2400+10"]

1. e4 e5 2. Nf3 Nc6 3. Bc4 Nf6 4. d4 Nxe4 5. dxe5 Bc5 6. Qd5 Bxf2+ 7. Kf1
O-O 8. Qxe4 Bb6 9. Ng5 g6 10. Qh4 h5 11. Qf4 Qe7 12. Nf3 Qc5 13. Nfd2 Nxe5
14. Nc3 Ng4 15. Nd1 d5 16. Bd3 Bd7 17. h3 Ne3+ 18. Nxe3 Qxe3 19. Qxe3 Bxe3
20. Nf3 Bb6 21. Bh6 Rfe8 22. Re1 Rxe1+ 23. Kxe1 Re8+ 24. Kd1 Kh7 25. Bf4 Re6
26. Ng5+ Kg7 27. Nxe6+ Bxe6 28. Rf1 c6 29. Be5+ Kh7 30. Rf6 Bd8 31. Rf4 Bb6
32. Bd4 Bc7 33. Rf1 b6 34. a4 c5 35. Bf2 Be5 36. b3 Bg7 37. Be1 f5 38. Rf2
Bd4 39. Re2 Bf7 40. Re7 Kg8 41. Rxa7 b5 42. axb5 c4 43. Ra8+ Kg7 44. bxc4
dxc4 45. Be2 Be3 46. Bc3+ Kh6 47. Bf6 g5 48. Rh8+ Kg6 49. Ba1 Bd5 50. Bxh5#
{Black checkmated}
1-0

[Event "ICC tourney 2154 (40 10)"]
[Site "Internet Chess Club"]
[Date "2020.11.22"]
[Round "2"]
[White "Mannansh"]
[Black "joeandjoe28"]
[Result "1/2-1/2"]
[ICCResult "Game drawn because neither player has mating material"]
[WhiteElo "1205"]
[BlackElo "1428"]
[Opening "Giuoco Piano"]
[ECO "C44"]
[NIC "SO.06"]
[Time "13:19:14"]
[TimeControl "2400+10"]

1. e4 e5 2. Nf3 Nc6 3. d4 exd4 4. Bc4 Bc5 5. c3 Nf6 6. cxd4 Bb4+ 7. Nc3 Nxe4
8. O-O Bxc3 9. bxc3 O-O 10. Ba3 Re8 11. Qc2 d5 12. Bd3 Nf6 13. Rfe1 Bg4 14.
Ne5 Be6 15. Bb5 Bd7 16. Qa4 Nxe5 17. dxe5 c6 18. Bd3 Ng4 19. Qf4 f6 20. Bd6
fxe5 21. Bxe5 Nxe5 22. Rxe5 Qf6 23. Rxe8+ Rxe8 24. Qd2 Bf5 25. Bxf5 Qxf5 26.
Qd4 Qe5 27. Qxe5 Rxe5 28. Kf1 Re4 29. Rc1 Ra4 30. Rc2 Kf7 31. Ke2 Ke6 32.
Kd3 b5 33. Rb2 a6 34. g3 c5 35. f3 g5 36. h3 Kf5 37. Re2 Ra3 38. Re8 Rxa2
39. Rf8+ Ke5 40. Re8+ Kf6 41. Rf8+ Ke6 42. Re8+ Kf5 43. Rf8+ Ke5 44. Re8+
Kf6 45. Rf8+ Ke5 46. Re8+ Kf6 47. Rf8+ Ke6 48. Re8+ Kd6 49. Rd8+ Kc6 50.
Rc8+ Kb6 51. Rb8+ Kc7 52. Rh8 c4+ 53. Kd4 Rd2+ 54. Kc5 Rd3 55. Rxh7+ Kc8 56.
Kc6 Kb8 57. Rh8+ Ka7 58. Rh7+ Kb8 59. Rh8+ Ka7 60. Rh7+ Kb8 61. Rb7+ Kc8 62.
Ra7 Kb8 63. Rxa6 Rxf3 64. Rb6+ Kc8 65. Rxb5 Rxg3 66. Rxd5 Rxh3 67. Rxg5 Kd8
68. Kc5 Rxc3 69. Rg4 Kd7 70. Rxc4 Rd3 71. Rd4+ Rxd4 72. Kxd4
{Game drawn because neither player has mating material}
1/2-1/2

[Event "ICC tourney 2154 (40 10)"]
[Site "Internet Chess Club"]
[Date "2020.11.22"]
[Round "3"]
[White "MadiChesskid"]
[Black "shreyanshdaga"]
[Result "1-0"]
[ICCResult "Black checkmated"]
[WhiteElo "1322"]
[BlackElo "356"]
[Opening "Réti accepted"]
[ECO "A09"]
[NIC "RE.19"]
[Time "15:34:18"]
[TimeControl "2400+10"]

1. Nf3 d5 2. c4 dxc4 3. e4 Nc6 4. Bxc4 Nf6 5. e5 Ng4 6. d4 g6 7. h3 Nh6 8.
O-O Bg7 9. Bxh6 Bxh6 10. d5 Nb4 11. Qa4+ Bd7 12. Qxb4 O-O 13. e6 fxe6 14.
dxe6 Bc6 15. Ne5 Qd4 16. Qc3 Qc5 17. Nf7 Bg7 18. Qd3 Bxb2 19. Nh6+ Kh8 20.
Nf7+ Kg8 21. Nc3 Bxa1 22. Rxa1 Qg5 23. Nxg5 Rf5 24. Nf7 a6 25. Nh6+ Kg7 26.
Nxf5+ Kf6 27. Ne4+ Ke5 28. f4+ Kxf5 29. Nd6+ Kf6 30. Qd4# {Black checkmated}
1-0